 Dungeon Crawl Stone Soup version 0.29.1-1-gd02db6906a (webtiles) character file.

Game seed: 13756023452229116832

445 LastDream the Chopper (level 7, 0/55 HPs)
             Began as a Formicid Abyssal Knight on Oct 13, 2022.
             Was a Believer of Lugonu.
             Slain by a jelly (1 damage)
             ... on level 4 of the Dungeon.
             The game lasted 00:17:12 (4223 turns).

LastDream the Chopper (Formicid Abyssal Knight)     Turns: 4223, Time: 00:17:12

Health: 0/55       AC: -12   Str: 19    XL:     7   Next: 24%
Magic:  7/8        EV: 12    Int: 16    God:    Lugonu [**....]
Gold:   186        SH:  5    Dex: 16    Spells: 6/6 levels left

rFire   . . .      SeeInvis +   a - +2 hand axe
rCold   . . .      Faith    .   q - +1 buckler of Cato {Dex+2}
rNeg    . . .      Spirit   .   F - +1 robe {Will+}
rPois   +          Reflect  .   (helmet unavailable)
rElec   .          Harm     .   (no cloak)
rCorr   .          Rampage  .   (no gloves)
Will    +....                   (no boots)
Stlth   +.........              (no amulet)
HPRegen 0.18/turn               r - +6 ring of intelligence
MPRegen 0.11/turn               K - ring of poison resistance

@: corroded
A: permanent stasis, dig shafts and tunnels, antennae 3, four strong arms
a: Dig, Shaft Self, Renounce Religion, Depart the Abyss, Bend Space


You were on level 4 of the Dungeon.
You worshipped Lugonu.
Lugonu was pleased with you.
You visited 1 branch of the dungeon, and saw 4 of its levels.
You visited the Abyss 1 time.

You collected 186 gold pieces.

Inventory:

Hand Weapons
 a - a +2 hand axe (weapon)
 d - a +0 short sword
 e - a +0 short sword
 h - a +0 hand axe
 i - a +0 hand axe
 j - a +0 club
 l - a +0 club
 n - a +0 whip
 o - a +0 club
 p - a +0 short sword
 v - a +0 short sword
 w - a +0 club
 x - a +0 mace
 y - a +0 short sword
 G - a +0 flail
 J - a +0 whip
 L - a +0 scythe
Missiles
 f - 23 stones
 C - 9 poisoned darts
Armour
 b - a +0 leather armour
 c - a +1 chain mail
 m - a +0 cloak
 q - the +1 buckler of Cato (worn) {Dex+2}
   (You found it on level 2 of the Dungeon)

   Dex:       It affects your dexterity (+2).
 t - a +0 leather armour
 z - a +0 ring mail
 B - a +0 leather armour
 D - a +0 scale mail
 F - a +1 robe of willpower (worn)
Magical Staves
 I - a staff of air
Jewellery
 r - a +6 ring of intelligence (left hand)
 K - a ring of poison resistance (right hand)
Scrolls
 M - a scroll of noise {unknown}
Potions
 g - 2 potions of might
 k - a potion of resistance {unknown}
 s - a potion of cancellation {unknown}
 u - a potion of magic {unknown}
 A - a potion of brilliance
 E - a potion of mutation {unknown}
 H - 6 potions of curing
 N - a potion of heal wounds {unknown}


   Skills:
 + Level 4.5 Fighting
 + Level 5.3 Axes
 + Level 4.2 Armour
 + Level 1.7 Dodging
 + Level 0.1 Stealth
 + Level 0.8 Shields
 + Level 2.3 Invocations


You had 6 spell levels left.
You didn't know any spells.
Your spell library contained the following spells:

 Spells                   Type           Power      Damage    Failure   Level
 Apportation              Tloc           0%         N/A       32%         1
 Necrotise                Necr           0%         1d4       32%         1
 Summon Small Mammal      Summ           0%         N/A       32%         1
 Stone Arrow              Conj/Erth      0%         3d7       67%         3
 Animate Armour           Summ/Erth      0%         N/A       97%         4
 Lehudib's Crystal Spear  Conj/Erth      0%         10d2      100%        8


Dungeon Overview and Level Annotations

Branches:
Dungeon (4/15)
 Temple: D:4-7

Altars:
Elyvilon
Trog


Innate Abilities, Weirdness & Mutations

You cannot be hasted, slowed, berserked, paralysed or teleported.
You can dig through walls and to a lower floor.
You have a pair of large antennae on your head. (SInv)
Your four strong arms can wield two-handed weapons with a shield.


Message History

N - a purple potion
Found a stone staircase leading down.
You sense a monster nearby.
There is a stone staircase leading down here.
A jelly comes into view.
The jelly quivers.
You slash the jelly! The acid corrodes you!
Your hands burn!
The jelly is moderately wounded.
The jelly hits you. The acid corrodes you!
You are splashed with acid!
You hit the jelly but do no damage.
Your hands burn!
The jelly is moderately wounded.
You block the jelly's attack.
You hit the jelly but do no damage.
Your hands burn!
The jelly is moderately wounded.
The jelly hits you. The acid corrodes you!
You are splashed with acid!
You barely miss the jelly.
The jelly is moderately wounded.
The jelly hits you.
You are splashed with acid.
* * * LOW HITPOINT WARNING * * *
You hit the jelly but do no damage. The acid corrodes you!
Your hands burn!
* * * LOW HITPOINT WARNING * * *
The jelly is moderately wounded.
The jelly barely misses you.
You hit the jelly but do no damage.
Your hands burn!
* * * LOW HITPOINT WARNING * * *
The jelly is moderately wounded.
The jelly hits you.
* * * LOW HITPOINT WARNING * * *
You are splashed with acid!
* * * LOW HITPOINT WARNING * * *
You completely miss the jelly.
The jelly is moderately wounded.
The jelly barely misses you. Space bends violently around you!
You blink.
Are you sure you want to shaft yourself?
Okay, then.
Unknown command.
Are you sure you want to shaft yourself?
The jelly hits you.
You die...

#.# #.# #.#
#####.# # ...#.#
##. #.##.#### ####
#...#.##>...#
##... ##.ยง...##.#
#.... #@J.##.##.#
#....
#..###.##.####....
#......##...##....
#.#.##..###.......
.##.###.##........
{ ..
.###....###....
... ....##..#
#.##. #.....
###.##..###.###
....#
#<#.###..##....


You could see a jelly.

Vanquished Creatures
  Sigmund (D:3)
  A water moccasin (D:3)
  A phantom (D:3)
  Jessica (D:3)
  Natasha (twice) (D:2)
  An adder (D:3)
  A dart slug (D:1)
  3 endoplasms
  3 hobgoblins
  10 kobolds
  2 quokkas
  3 ball pythons
  3 bats
  4 rats
36 creatures vanquished.

Vanquished Creatures (others)
  2 demonic plants (D:1)
2 creatures vanquished.

Grand Total: 38 creatures vanquished

Notes
Turn   | Place    | Note
-------+----------+-------------------------------------------
     0 | Abyss:1  | LastDream the Formicid Abyssal Knight began the quest for
                  | the Orb.
     0 | Abyss:1  | Reached XP level 1. HP: 18/18 MP: 2/2
    41 | D:1      | Escaped the Abyss
    44 | D:1      | Noticed a troll
    44 | D:1      | Noticed a merfolk
    46 | D:1      | Noticed a tengu
    46 | D:1      | Noticed a vampire
    48 | D:1      | Noticed an ogre
    48 | D:1      | Noticed a human
    50 | D:1      | Noticed a vine stalker
    52 | D:1      | Noticed a naga
    52 | D:1      | Noticed a gargoyle
    54 | D:1      | Noticed a ghoul
    56 | D:1      | Noticed an octopode
    56 | D:1      | Noticed an elf
    58 | D:1      | Noticed a meteoran
    58 | D:1      | Noticed a palentonga
    60 | D:1      | Noticed a formicid
    60 | D:1      | Noticed a spriggan
    62 | D:1      | Noticed a demonspawn
    64 | D:1      | Noticed a minotaur
    64 | D:1      | Noticed a demigod
    66 | D:1      | Noticed a draconian
    66 | D:1      | Noticed a draconian
    68 | D:1      | Noticed a palentonga
    68 | D:1      | Noticed a human
   163 | D:1      | Reached skill level 1 in Dodging
   479 | D:1      | Reached XP level 2. HP: 18/24 MP: 3/3
   934 | D:1      | Found a faded altar of an unknown god.
   934 | D:1      | Noticed a blizzard demon
  1455 | D:2      | Reached XP level 3. HP: 30/30 MP: 4/4
  1583 | D:2      | Identified the +1 buckler of Cato {Dex+2}
  1875 | D:2      | Noticed Natasha
  1886 | D:2      | Killed Natasha
  1887 | D:2      | Reached XP level 4. HP: 12/37 MP: 5/5
  2320 | D:2      | Noticed Natasha
  2339 | D:2      | Killed Natasha
  2340 | D:2      | Reached skill level 3 in Axes
  2642 | D:3      | Noticed Jessica
  2655 | D:3      | Killed Jessica
  2656 | D:3      | Reached XP level 5. HP: 21/42 MP: 6/6
  2845 | D:3      | Found a bloodstained altar of Trog.
  2846 | D:3      | Found a white marble altar of Elyvilon.
  3219 | D:3      | Noticed a phantom
  3234 | D:3      | Killed a phantom
  3235 | D:3      | Reached skill level 4 in Axes
  3343 | D:3      | Noticed Sigmund
  3346 | D:3      | Reached XP level 6. HP: 48/48 MP: 7/7
  3366 | D:3      | Killed Sigmund
  3582 | D:3      | Noticed a water moccasin
  3591 | D:3      | Killed a water moccasin
  3591 | D:3      | Reached *** piety under Lugonu
  3592 | D:3      | Reached skill level 5 in Axes
  3592 | D:3      | Reached XP level 7. HP: 5/55 MP: 8/8
  3593 | D:3      | HP: 2/55 [poisoned by a water moccasin]
  4223 | D:4      | Slain by a jelly

Illustrated notes

Levels and vault maps discovered:
D:1:      kb_arrival_jail, layout_basic, dreamdust_ecumenical_altar_sealed_demon
D:2:      layout_loops_corners, uniq_natasha
D:3:      layout_loops_ring, chequers_temple_overflow_statue_of_worship,
          nicolae_underground_beach, uniq_sigmund, uniq_jessica
D:4:      layout_basic, general_overflow_altar, temple_statues, uniq_edmund

Skill      XL: |  1  2  3  4  5  6 |
---------------+-------------------+-----
Dodging        | 1 |  1.7
Fighting       | 4 |  4.5
Axes           | 3 4 5 |  5.3
Armour         | 3 4 |  4.2
Stealth        | |  0.1
Shields        | |  0.8
Invocations    | |  2.3

Action                   |  1- 3 |  4- 6 |  7- 9 || total
-------------------------+-------+-------+-------++-------
Melee: Hand axe          |    89 |    58 |     7 ||   154
       Punch             |     1 |       |       ||     1
Invok: Bend Space        |       |       |     1 ||     1
 Abil: Dig               |     1 |       |       ||     1
       Shaft Self        |       |       |     1 ||     1
  Use: Scroll            |     5 |     1 |       ||     6
       Potion            |       |       |     1 ||     1
Armor: Leather armour    |     7 |       |       ||     7
       Chain mail        |    39 |    10 |       ||    49
       Robe              |       |     3 |       ||     3
Dodge: Dodged            |    32 |    27 |     2 ||    61
Block: Buckler           |       |     6 |     1 ||     7
